 Dungeon Crawl Stone Soup version 0.30.2 (webtiles) character file.

Game seed: 2829312519553480851

58 porpoise the Covert (level 4, -1/41 HPs)
             Began as a Gnoll Delver on Apr 6, 2024.
             Slain by a kobold brigand
             ... wielding a +0 short sword
              (6 damage)
             ... on level 4 of the Dungeon.
             The game lasted 00:01:04 (306 turns).

porpoise the Covert (Gnoll Delver)                   Turns: 306, Time: 00:01:05

Health: -1/41      AC:  3    Str: 14    XL:     4   Next: 1%
Magic:  5/5        EV: 13    Int:  9    God:
Gold:   0          SH:  0    Dex: 13    Spells: 5/5 levels left

rFire   . . .        a - +0 hand axe
rCold   . . .        (no shield)
rNeg    . . .        b - +0 leather armour
rPois   .            (no helmet)
rElec   .            (no cloak)
rCorr   .            (no gloves)
SInv    .            (no boots)
Will    .....        (no amulet)
Stlth   ++++         (no ring)
HPRegen 0.26/turn    (no ring)
MPRegen 0.09/turn

%: no passive effects
@: hasted, very quick
A: fangs 1, strong nose, distributed training
a: no special abilities


You were on level 4 of the Dungeon.
You visited 1 branch of the dungeon, and saw 2 of its levels.

Inventory:

Hand Weapons
 a - a +0 hand axe (weapon)
Armour
 b - a +0 leather armour (worn)
Wands
 g - a wand of digging (3)
Scrolls
 c - a scroll of fog
 d - a scroll of magic mapping
 e - a scroll of fear
Potions
 h - a potion of degeneration {unknown}


   Skills:
 + Level 6.6 Fighting
 + Level 1.0 Short Blades
 + Level 1.0 Long Blades
 + Level 4.6 Axes
 + Level 1.0 Maces & Flails
 + Level 1.0 Polearms
 + Level 1.0 Staves
 + Level 1.0 Ranged Weapons
 + Level 1.0 Throwing
 + Level 1.0 Armour
 + Level 4.6 Dodging
 + Level 9.6 Stealth
 + Level 1.0 Shields
 + Level 1.0 Unarmed Combat
 + Level 1.0 Spellcasting
 + Level 0.8 Conjurations
 + Level 0.8 Hexes
 + Level 0.8 Summonings
 + Level 0.8 Necromancy
 + Level 0.8 Translocations
 + Level 0.8 Transmutations
 + Level 0.8 Fire Magic
 + Level 0.8 Ice Magic
 + Level 0.8 Air Magic
 + Level 0.8 Earth Magic
 + Level 0.8 Poison Magic
 + Level 1.1 Invocations
 + Level 1.0 Evocations


You had 5 spell levels left.
You didn't know any spells.
Your spell library was empty.

Dungeon Overview and Level Annotations

Branches:
Dungeon (5/15)
 Temple: D:4-7

Altars:


Innate Abilities, Weirdness & Mutations

You have very sharp teeth.
Your uncanny sense of smell can sniff out nearby items.
Your experience applies equally to all skills.


Message History

The kobold brigand is lightly wounded.
An adder comes into view.
The kobold brigand hits you with a +0 short sword.
The adder hisses angrily.
You slash the kobold brigand!
The kobold brigand is moderately wounded.
The kobold brigand hits you with a +0 short sword.
You are too injured to fight recklessly!
You are too injured to fight recklessly!
Unknown command.
You hit the kobold brigand but do no damage.
The kobold brigand is moderately wounded.
The kobold brigand hits you with a +0 short sword.
* * * LOW HITPOINT WARNING * * *
You closely miss the kobold brigand.
The kobold brigand is moderately wounded.
The kobold brigand hits you but does no damage.
You feel yourself speed up.
The kobold brigand hits you with a +0 short sword.
* * * LOW HITPOINT WARNING * * *
You hit the kobold brigand but do no damage.
The kobold brigand is moderately wounded.
You miss the adder.
The kobold brigand hits you with a +0 short sword.
* * * LOW HITPOINT WARNING * * *
The dart slug launches a dart at you. The slug dart hits you.
* * * LOW HITPOINT WARNING * * *
You hit the kobold brigand.
The kobold brigand is heavily wounded.
You hit the adder but do no damage. The adder barely misses you.
The kobold brigand hits you but does no damage.
You hit the kobold brigand.
The kobold brigand is heavily wounded.
You closely miss the adder. The adder closely misses you.
You barely miss the kobold brigand.
The kobold brigand is heavily wounded.
You closely miss the adder. The adder bites you but does no damage.
The kobold brigand hits you with a +0 short sword.
You die...

#........
∆.......
......#
...w.# #
.....##..
#...".... ∆
####K.....#∆
#...@S....#
#...##...##.#
#### ##...#
...# ...#
...# ∆ ....
.....


You could see a kobold brigand, an adder and a dart slug.

Vanquished Creatures
  A hound (D:5)
  An orc wizard (D:5)
  2 orcs (D:5)
4 creatures vanquished.

Notes
Turn   | Place    | Note
-------+----------+-------------------------------------------
     0 | D:5      | Reached skill level 9 in Stealth
     0 | D:5      | porpoise the Gnoll Delver began the quest for the Orb.
     0 | D:5      | Reached XP level 1. HP: 23/23 MP: 1/1
    13 | D:5      | Noticed a scorpion
    27 | D:5      | Noticed a hound
    48 | D:5      | Killed a hound
    49 | D:5      | Reached XP level 2. HP: 19/29 MP: 1/3
    49 | D:5      | Reached XP level 3. HP: 23/35 MP: 1/4
   123 | D:5      | Reached skill level 1 in Short Blades
   123 | D:5      | Reached skill level 1 in Long Blades
   123 | D:5      | Reached skill level 1 in Maces & Flails
   123 | D:5      | Reached skill level 1 in Polearms
   123 | D:5      | Reached skill level 1 in Staves
   123 | D:5      | Reached skill level 1 in Ranged Weapons
   123 | D:5      | Reached skill level 1 in Throwing
   123 | D:5      | Reached skill level 1 in Armour
   123 | D:5      | Reached skill level 1 in Shields
   123 | D:5      | Reached skill level 1 in Unarmed Combat
   123 | D:5      | Reached skill level 1 in Spellcasting
   123 | D:5      | Reached skill level 1 in Invocations
   123 | D:5      | Reached skill level 1 in Evocations
   125 | D:5      | Reached XP level 4. HP: 9/41 MP: 5/5
   286 | D:4      | Noticed a kobold brigand
   306 | D:4      | Slain by a kobold brigand

Illustrated notes

Levels and vault maps discovered:
D:4:      corexii_shack_village, layout_rooms, temple_hall
D:5:      layout_layer_cave, enter_ossuary_3, chequers_decorated_corner

Skill      XL: |  1  2  3 |
---------------+----------+-----
Stealth        | |  9.6
Short Blades   | 1 |  1.0
Long Blades    | 1 |  1.0
Maces & Flails | 1 |  1.0
Polearms       | 1 |  1.0
Staves         | 1 |  1.0
Ranged Weapons | 1 |  1.0
Throwing       | 1 |  1.0
Armour         | 1 |  1.0
Shields        | 1 |  1.0
Unarmed Combat | 1 |  1.0
Spellcasting   | 1 |  1.0
Invocations    | 1 |  1.1
Evocations     | 1 |  1.0
Fighting       | |  6.6
Axes           | |  4.6
Dodging        | |  4.6
Conjurations   | |  0.8
Hexes          | |  0.8
Summonings     | |  0.8
Necromancy     | |  0.8
Translocations | |  0.8
Transmutations | |  0.8
Fire Magic     | |  0.8
Ice Magic      | |  0.8
Air Magic      | |  0.8
Earth Magic    | |  0.8
Poison Magic   | |  0.8

Action                     |  1- 3 |  4- 6 || total
---------------------------+-------+-------++-------
  Melee: Hand axe          |    24 |    12 ||    36
         Bite              |     1 |       ||     1
    Use: Potion            |       |     1 ||     1
 Armour: Leather armour    |     4 |     3 ||     7
  Dodge: Dodged            |    10 |     3 ||    13
